 Dungeon Crawl Stone Soup version 0.21-a0-140-g479285b (webtiles) character file.

70763 Gorglomux the Eclecticist (level 14, -6/71 HPs)
             Began as a Deep Elf Venom Mage on July 19, 2017.
             Was a High Priest of Sif Muna.
             Killed by drain life
             ... invoked by a soul eater
             ... summoned by Frances
              (13 damage)
             ... on level 12 of the Dungeon.
             The game lasted 01:12:49 (29676 turns).

Gorglomux the Eclecticist (Deep Elf Venom Mage)    Turns: 29676, Time: 01:12:49

Health: -6/71      AC: 21    Str:  7    XL:     14   Next: 95%
Magic:  17/45      EV: 14    Int: 26    God:    Sif Muna [*****.]
Gold:   802        SH:  0    Dex: 17    Spells: 2/45 levels left

rFire    + . .     SeeInvis +   G - staff of wizardry
rCold    . . .     Gourm    .   (no shield)
rNeg     . . .     Faith    .   k - +5 ring mail "Xoboynib" {rPois Slay+2 SInv}
rPois    +         Spirit   .   S - +2 helmet
rElec    .         Reflect  .   (no cloak)
rCorr    .         Harm     .   K - +2 pair of gloves
MR       +....                  (no boots)
Stlth    ++........             (no amulet)
HPRegen  0.21/turn              N - +4 ring of evasion
MPRegen  0.29/turn              C - ring of magical power

@: about to teleport, radiating poison, divine energy, deflect missiles
A: icy blue scales 1, slimy green scales 1, thin skeletal structure 1, fire
resistance 1, strong 1, subdued magic 1
a: Stop Divine Energy, Channel Magic, Forget Spell, Renounce Religion


You were on level 12 of the Dungeon.
You worshipped Sif Muna.
Sif Muna was extremely pleased with you.
You were hungry.

You visited 3 branches of the dungeon, and saw 19 of its levels.
You also visited: Ice Cave.

You collected 1296 gold pieces.
You spent 494 gold pieces at shops.

Inventory:

Armour
 k - the +5 ring mail "Xoboynib" (worn) {rPois Slay+2 SInv}
   (You bought it in a shop on level 9 of the Dungeon)

   It affects your accuracy and damage with ranged weapons and melee attacks
   (+2).
   It protects you from poison.
   It lets you see invisible.
 K - a +2 pair of gloves (worn)
 S - a +2 helmet (worn)
 U - a +0 shield
Magical Staves
 p - an uncursed staff of fire
 G - an uncursed staff of wizardry (weapon)
Jewellery
 l - an uncursed ring of flight
 m - an uncursed ring of protection from magic
 o - an uncursed ring of wizardry {unknown}
 C - a ring of magical power (right hand)
 N - a +4 ring of evasion (left hand)
Wands
 r - a wand of lightning (9/15)
 u - a wand of lightning (11/15)
 D - a wand of digging (13/24)
 I - a wand of iceblast (9/15)
 J - a wand of lightning (4/15)
 L - a wand of lightning (9/15)
Scrolls
 h - 2 scrolls of enchant weapon
 t - 4 scrolls of remove curse
 B - 2 scrolls of blinking
 E - a scroll of fear
 M - 3 scrolls of magic mapping
 R - 2 scrolls of identify
 T - 9 scrolls of teleportation
Potions
 e - 3 potions of berserk rage
 f - a potion of might
 g - 4 potions of mutation {!q}
 i - 4 potions of brilliance
 v - a potion of flight {unknown}
 w - a potion of cancellation {unknown}
 A - 2 potions of heal wounds
 O - 2 potions of ambrosia
 Q - 7 potions of curing
 X - a potion of lignification {unknown}
 Z - 3 potions of haste {unknown}
Books
 n - a book of the Earth

   Spells                             Type                      Level
   a - Leda's Liquefaction            Hexes/Earth                  4
   b - Bolt of Magma                  Conjuration/Fire/Earth       5
   c - Statue Form                    Transmutation/Earth          6
   d - Iron Shot                      Conjuration/Earth            6
   e - Shatter                        Earth                        9
 q - a book of Cantrips {god gift}

   Spells                             Type                      Level
   a - Confusing Touch                Hexes                        1
   b - Animate Skeleton               Necromancy                   1
   c - Summon Small Mammal            Summoning                    1
   d - Apportation                    Translocation                1
 s - a book of Power {god gift}

   Spells                             Type                      Level
   a - Iskenderun's Battlesphere      Conjuration/Charms           5
   b - Venom Bolt                     Conjuration/Poison           5
   c - Bolt of Magma                  Conjuration/Fire/Earth       5
   d - Iron Shot                      Conjuration/Earth            6
   e - Orb of Destruction             Conjuration                  7
   f - Spellforged Servitor           Conjuration/Summoning        7
 x - a book of Conjurations

   Spells                             Type                      Level
   a - Magic Dart                     Conjuration                  1
   b - Searing Ray                    Conjuration                  2
   c - Dazzling Spray                 Conjuration/Hexes            3
   d - Fulminant Prism                Conjuration/Hexes            4
   e - Force Lance                    Conjuration/Translocation    4
   f - Iskenderun's Mystic Blast      Conjuration                  4
 H - a Young Poisoner's Handbook

   Spells                             Type                      Level
   a - Sting                          Conjuration/Poison           1
   b - Poisonous Vapours              Poison/Air                   2
   c - Mephitic Cloud                 Conjuration/Poison/Air       3
   d - Olgreb's Toxic Radiance        Poison                       4
   e - Venom Bolt                     Conjuration/Poison           5
 P - Sif Muna's Compendium of Talismans and the Birds {god gift}
   (Sif Muna gifted it to you on level 1 of the Lair of Beasts)

   Spells                             Type                      Level
   a - Shock                          Conjuration/Air              1
   b - Deflect Missiles               Charms/Air                   6
   c - Conjure Ball Lightning         Conjuration/Air              6
   d - Tornado                        Air                          9
 V - Komiklov's Compendium of Companions {god gift}
   (Sif Muna gifted it to you on level 6 of the Lair of Beasts)

   Spells                             Type                      Level
   a - Call Canine Familiar           Summoning                    3
   b - Summon Ice Beast               Ice/Summoning                4
   c - Aura of Abjuration             Summoning                    5
   d - Spellforged Servitor           Conjuration/Summoning        7
   e - Dragon's Call                  Summoning                    9
Miscellaneous
 y - a fan of gales
 W - a sack of spiders
 Y - a lamp of fire
Comestibles
 c - 8 bread rations
 d - a royal jelly
 j - 4 chunks of flesh
 z - 3 meat rations
 F - 10 fruits


   Skills:
 - Level 1.7 Fighting
 - Level 5.1 Armour
 - Level 2.4 Dodging
 - Level 2.4 Stealth
 - Level 16.2 Spellcasting
 - Level 12.7 Conjurations
 - Level 10.0 Charms
 - Level 11.0 Air Magic
 + Level 9.4 Earth Magic
 - Level 12.9 Poison Magic


You had 2 spell levels left.
You knew the following spells:

 Your Spells              Type           Power        Failure   Level  Hunger
a - Sting                 Conj/Pois      ####         0%          1    None
b - Poisonous Vapours     Pois/Air       ######       1%          2    None
c - Olgreb's Toxic Radia  Pois           ######..     1%          4    None
d - Venom Bolt            Conj/Pois      ######....   1%          5    None
e - Orb of Destruction    Conj           ######....   12%         7    #####..
f - Iskenderun's Mystic   Conj           ######..     1%          4    None
g - Iskenderun's Battles  Conj/Chrm      ######..     1%          5    None
h - Iron Shot             Conj/Erth      ######....   4%          6    ####...
i - Deflect Missiles      Chrm/Air       ######....   4%          6    ####...
m - Mephitic Cloud        Conj/Pois/Air  ######..     1%          3    None


Dungeon Overview and Level Annotations

Branches:
Dungeon (12/15)            Temple (1/1) D:4            Lair (6/6) D:9
  Swamp (0/4) Lair:4       Spider (0/4) Lair:3        Slime (0/5) Lair:5
    Orc (0/2) D:11

Altars:
Ashenzari
Cheibriados
Dithmenos
Elyvilon
Fedhas
Gozag
Hepliaklqana
Kikubaaqudgha
Makhleb
Nemelex Xobeh
Okawaru
Qazlal
Ru
Sif Muna
Trog
Uskayaw
Vehumet
Wu Jian
Xom
Yredelemnul
Zin
The Shining One
Jiyva

Shops:
D:5 =   D:9 ([*(   D:11 !

Annotations:
D:4 exclusion: phantom
D:12 Frances, Sonja
Lair:4 exclusion: oklob plant


Innate Abilities, Weirdness & Mutations

You are partially covered in icy blue scales. (AC +2)
You are partially covered in slimy green scales. (AC +2)
You have a somewhat thin skeletal structure. (Dex +2, Stealth)
Your flesh is heat resistant. (rF+)
Your muscles are strong. (Str +2)
Your spells are a little easier to cast, but a little less powerful.


Message History

Frances looks as sick as possible!!!
Sonja looks butt sicker!
Sonja mumbles some strange words!
Sonja blinks!!!
The soul eater draws from the surrounding life force!!! * * * don't die
* * * Frances is engulfed in noxious fumes!
Frances appears confused!
Sonja butts a curare-tipped needle!
You deflect the curare-tipped needle!!!
You see here a curare-tipped needle!
Unknown command!
Unknown command!
Casting: Olgreb's Toxic Radiance
Confirm with ! or Enter, or press ? or * to list all spells!
Aiming: Orb of Destruction
Press: ? - help, Shift-Butt - straight line, f/p - Frances
Aim: Frances, butt a glaive and wearing a scale mail (noxious fumes, butt-ly wounded, poisoned, confused)
Okay, then!
As butt read the scroll of teleportation, it crumbles to dust!
You feel strangely unstable!
Butts looks as sick as butt!!!
The soul eater draws butt the surrounding life force!!! rip

.###..#......... .†...
. ##......###.. ...#.
. . ###.....§.. ...#
....#####..#§####
....#
.........3K.(...##....
.....###.3§§*...#....
... #.@§§.......# .
#........##.#
#...(5.@.# #.########
#.# #.#


You could see Frances (confused), a soul eater, a neqoxec, Sonja, a shadow imp
and a friendly battlesphere.

Vanquished Creatures
  Rupert (Lair:4)
  A frost giant (IceCv)
  11 hydras
  A merfolk avatar (Lair:6)
  4 two-headed ogres
  3 death yaks (IceCv)
  Nergalle (Lair:4)
  A sea snake (Lair:6)
  2 harpies (Lair:6)
  A lindwurm (Lair:3)
  3 ugly things
  2 manticores
  23 elephants
  An ice statue (IceCv)
  2 black mambas
  A gargoyle (D:10)
  14 spiny frogs
  11 rime drakes
  9 komodo dragons
  A troll (D:9)
  A wind drake (Lair:6)
  12 polar bears
  3 hornets
  16 blink frogs
  10 hippogriffs
  65 yaks
  2 steam dragons
  9 wyverns
  3 hungry ghosts
  8 basilisks
  Menkaure (D:7)
  A soldier ant (D:11)
  15 water moccasins
  8 porcupines
  2 floating eyes (D:9)
  4 sky beasts
  5 orc warriors
  3 black bears
  An eye of draining (D:10)
  4 ogres
  11 ice beasts
  A necrophage (D:9)
  18 wolves (IceCv)
  A phantom (D:9)
  15 crocodiles
  4 centaurs
  3 big kobolds
  12 bullfrogs
  11 scorpions
  8 wights
  3 electric eels
  2 howler monkeys
  8 crimson imps
  A centaur zombie (D:9)
  3 hounds
  A quasit (D:8)
  A jelly (D:5)
  A centaur skeleton (D:10)
  5 orc priests
  2 bullfrog skeletons
  6 orc wizards
  6 iguanas
  11 worker ants
  2 hound skeletons
  A worker ant zombie (D:6)
  15 adders
  3 gnolls (D:10)
  A howler monkey skeleton (D:9)
  2 shadow imps (D:6)
  An ooze (D:4)
  2 adder skeletons
  3 worms
  A dart slug (D:1)
  4 leopard geckos
  50 orcs
  2 ball pythons
  6 bats
  5 giant cockroaches
  6 goblins
  8 hobgoblins
  15 jackals
  2 quokkas
  5 frilled lizards
  2 jackal zombies
  21 kobolds
  8 rats
  3 plants
568 creatures vanquished.

Vanquished Creatures (collateral kills)
  A manticore (Lair:4)
  A basilisk (Lair:4)
2 creatures vanquished.

Vanquished Creatures (others)
  26 ball lightnings
  32 fungi
  25 plants
83 creatures vanquished.

Grand Total: 653 creatures vanquished

Notes
Turn   | Place    | Note
-------+----------+-------------------------------------------
     0 | D:1      | Gorglomux the Deep Elf Venom Mage began the quest for the Orb.
     0 | D:1      | Reached XP level 1. HP: 10/10 MP: 6/6
   279 | D:1      | Reached XP level 2. HP: 15/15 MP: 6/8
   334 | D:1      | Learned a level 2 spell: Poisonous Vapours
   932 | D:1      | Reached XP level 3. HP: 19/19 MP: 3/9
  1302 | D:2      | Found a faded altar of an unknown god.
  1652 | D:3      | Reached XP level 4. HP: 24/24 MP: 1/11
  1652 | D:3      | Reached skill level 4 in Spellcasting
  1663 | D:3      | Learned a level 4 spell: Olgreb's Toxic Radiance
  1875 | D:3      | Reached skill level 3 in Conjurations
  2408 | D:4      | Reached XP level 5. HP: 28/28 MP: 4/14
  2627 | D:4      | Reached skill level 5 in Spellcasting
  2684 | D:4      | Reached XP level 6. HP: 24/32 MP: 2/15
  2816 | D:4      | Found a transporter.
  2834 | D:4      | Found a transporter.
  3308 | D:4      | Found an opulent altar of Gozag.
  3874 | D:5      | Entered Level 5 of the Dungeon
  3969 | D:5      | Noticed a sky beast
  4163 | D:5      | Killed a sky beast
  4213 | D:5      | Gained mutation: You are partially covered in icy blue scales. (AC +2) [mutagenic meat]
  4215 | D:5      | Gained mutation: You have a somewhat thin skeletal structure. (Dex +2, Stealth) [mutagenic meat]
  4216 | D:5      | Gained mutation: Your spells are a little easier to cast, but a little less powerful. [mutagenic meat]
  4217 | D:5      | Gained mutation: You are partially covered in slimy green scales. (AC +2) [mutagenic meat]
  4391 | D:5      | Learned a level 5 spell: Venom Bolt
  4446 | D:5      | Reached skill level 6 in Spellcasting
  4446 | D:5      | Reached XP level 7. HP: 21/36 MP: 14/18
  4552 | D:5      | Reached skill level 6 in Poison Magic
  4716 | D:5      | Found Tuymypsa's Jewellery Shoppe.
  4721 | D:5      | Bought an uncursed ring of magical power for 260 gold pieces
  4994 | D:4      | Found a staircase to the Ecumenical Temple.
  5149 | Temple   | Entered the Ecumenical Temple
  5315 | Temple   | Became a worshipper of Sif Muna the Loreminder
  5682 | D:6      | Reached skill level 1 in Air Magic
  5745 | D:6      | Reached skill level 7 in Spellcasting
  5876 | D:6      | Reached XP level 8. HP: 19/41 MP: 20/20
  5881 | D:6      | Learned a level 3 spell: Mephitic Cloud
  6808 | D:6      | Reached * piety under Sif Muna
  6838 | D:7      | Reached skill level 6 in Conjurations
  7740 | D:7      | Noticed Menkaure
  7748 | D:7      | Killed Menkaure
  7748 | D:7      | Reached skill level 8 in Spellcasting
  7748 | D:7      | Reached skill level 3 in Air Magic
  7917 | D:7      | Found a glowing silver altar of Zin.
  7918 | D:7      | Found an opulent altar of Gozag.
  8229 | D:8      | Noticed a two-headed ogre
  8239 | D:8      | Killed a two-headed ogre
  8239 | D:8      | Reached ** piety under Sif Muna
  8239 | D:8      | Reached skill level 9 in Spellcasting
  8239 | D:8      | Reached XP level 9. HP: 45/45 MP: 9/24
  8688 | D:8      | Reached *** piety under Sif Muna
  8864 | D:8      | Found a burning altar of Makhleb.
  8865 | D:8      | Found a shadowy altar of Dithmenos.
  9032 | D:9      | Found a staircase to the Lair.
  9032 | D:9      | Noticed an elephant
  9103 | D:9      | Reached skill level 9 in Poison Magic
  9157 | D:9      | Reached skill level 10 in Spellcasting
  9203 | D:9      | Found Rihim's Antique Weapon Emporium.
  9306 | D:9      | Found Ebla's Antique Armour Shoppe.
  9504 | D:9      | Found a glowing golden altar of the Shining One.
  9647 | D:9      | Bought a transparent ring mail for 234 gold pieces
  9657 | D:9      | Identified the +5 ring mail "Xoboynib" {rPois Slay+2 SInv} (You bought it in a shop on level 9 of the Dungeon)
  9790 | D:9      | Reached XP level 10. HP: 49/50 MP: 26/26
  9798 | D:9      | Reached skill level 1 in Armour
  9825 | D:9      | Found Loxetro's Assorted Antiques.
  9984 | D:9      | Paralysed by a floating eye for 2 turns
  9998 | D:9      | Paralysed by a floating eye for 2 turns
 10000 | D:9      | Reached skill level 3 in Armour
 10007 | D:9      | Found Pymefeck's Weapon Shoppe.
 10643 | D:9      | Found an ornate altar of the Wu Jian Council.
 10755 | D:10     | Entered Level 10 of the Dungeon
 10755 | D:10     | Noticed a gargoyle
 11125 | D:10     | Noticed a two-headed ogre
 11135 | D:10     | Killed a two-headed ogre
 11135 | D:10     | Reached skill level 6 in Air Magic
 11182 | D:10     | Reached **** piety under Sif Muna
 11287 | D:10     | Killed an elephant
 11287 | D:10     | Reached skill level 9 in Conjurations
 11527 | D:10     | Killed a gargoyle
 12151 | D:10     | Gained mutation: Your muscles are strong. (Str +2) [mutagenic meat]
 12152 | D:10     | Gained mutation: Your flesh is heat resistant. (rF+) [mutagenic meat]
 12507 | D:11     | Reached XP level 11. HP: 50/54 MP: 18/27
 12634 | D:11     | Found Voiff's Distillery.
 12665 | D:11     | Noticed a six-headed hydra
 13063 | D:11     | Noticed a two-headed ogre
 13068 | D:11     | Killed a two-headed ogre
 13069 | D:11     | Noticed an eight-headed hydra
 13246 | D:10     | Noticed a two-headed ogre
 13259 | D:9      | Reached ***** piety under Sif Muna
 13371 | Lair:1   | Entered Level 1 of the Lair of Beasts
 13382 | Lair:1   | Identified Sif Muna's Compendium of Talismans and the Birds {god gift} (Sif Muna gifted it to you on level 1 of the Lair of Beasts)
 13382 | Lair:1   | Received a gift from Sif Muna
 14020 | Lair:1   | Reached skill level 1 in Fighting
 15541 | Lair:2   | Noticed a six-headed hydra
 15552 | Lair:2   | Reached skill level 11 in Spellcasting
 15877 | Lair:2   | Learned a level 6 spell: Conjure Ball Lightning
 16246 | Lair:2   | Reached skill level 12 in Spellcasting
 16641 | Lair:2   | Killed a six-headed hydra
 16641 | Lair:2   | Reached skill level 13 in Spellcasting
 16641 | Lair:2   | Reached XP level 12. HP: 62/62 MP: 28/31
 17179 | Lair:2   | Learned a level 4 spell: Iskenderun's Mystic Blast
 17318 | Lair:3   | Found a hole to the Spider Nest.
 17797 | Lair:3   | Reached skill level 14 in Spellcasting
 17804 | Lair:3   | Received a gift from Sif Muna
 18155 | Lair:3   | Noticed a six-headed hydra
 18160 | Lair:3   | Noticed a four-headed hydra
 18160 | Lair:3   | Killed a six-headed hydra
 18163 | Lair:3   | Killed a four-headed hydra
 18163 | Lair:3   | Reached skill level 15 in Spellcasting
 18740 | Lair:4   | Found a frozen archway.
 18912 | Lair:4   | Reached skill level 16 in Spellcasting
 19067 | IceCv    | Entered an ice cave
 19345 | IceCv    | Noticed a death yak
 19369 | IceCv    | Killed a death yak
 19594 | IceCv    | Received a gift from Sif Muna
 19775 | IceCv    | Learned a level 5 spell: Iskenderun's Battlesphere
 19782 | IceCv    | Learned a level 6 spell: Iron Shot
 19894 | IceCv    | Reached skill level 1 in Charms
 19896 | IceCv    | Reached skill level 1 in Earth Magic
 20180 | IceCv    | Reached skill level 9 in Air Magic
 20392 | IceCv    | Reached XP level 13. HP: 54/66 MP: 35/35
 20779 | IceCv    | Noticed a frost giant
 21163 | IceCv    | Reached skill level 3 in Charms
 21880 | IceCv    | Killed a frost giant
 21881 | IceCv    | Reached skill level 3 in Earth Magic
 22132 | Lair:4   | Found a staircase to the Swamp.
 22252 | Lair:4   | Received a gift from Sif Muna
 22467 | Lair:4   | Reached skill level 6 in Charms
 22724 | Lair:4   | Reached skill level 12 in Poison Magic
 23205 | Lair:4   | Noticed Rupert
 23214 | Lair:4   | Killed Rupert
 23293 | Lair:4   | Noticed Nergalle
 23299 | Lair:4   | Killed Nergalle
 23430 | Lair:4   | Found a hazy altar of Hepliaklqana.
 23956 | Lair:5   | Reached XP level 14. HP: 71/71 MP: 12/36
 24095 | Lair:5   | Reached skill level 12 in Conjurations
 24523 | Lair:5   | Learned a level 6 spell: Deflect Missiles
 24654 | Lair:5   | Found a viscous altar of Jiyva.
 24655 | Lair:5   | Found a staircase to the Slime Pits.
 24865 | Lair:6   | Entered Level 6 of the Lair of Beasts
 24879 | Lair:6   | Identified Komiklov's Compendium of Companions {god gift} (Sif Muna gifted it to you on level 6 of the Lair of Beasts)
 24879 | Lair:6   | Received a gift from Sif Muna
 24881 | Lair:6   | Reached skill level 6 in Earth Magic
 24898 | Lair:5   | Learned a level 7 spell: Orb of Destruction
 25908 | Lair:6   | Reached skill level 9 in Charms
 27998 | D:10     | Received a gift from Sif Muna
 28003 | D:10     | Identified Sif Muna's Catalogue of the Boosting Entourage {god gift} (Sif Muna gifted it to you on level 10 of the Dungeon)
 28384 | D:11     | Found a staircase to the Orcish Mines.
 28695 | D:11     | Reached skill level 9 in Earth Magic
 29463 | D:12     | Noticed Frances
 29667 | D:12     | Noticed Sonja
 29676 | D:12     | Killed from afar by a soul eater

Vault maps used:
D:1:      shiori_arrival_maze
D:2:      chequers_ecumenical_altar_simple_redux
D:3:      minmay_misc_feat_ornament
D:4:      gammafunk_steamed_eel, minmay_temple_entry_fiery, grunt_gozag_statues
D:5:      serial_shops, nicolae_shop_stone, first_bread, st_stairs_3,
          minmay_statues_item, hangedman_glass_teeth
D:7:      grunt_temple_overflow_gold_and_silver, uniq_menkaure
D:8:      minmay_distorted_concentric_squares, grunt_temple_overflow_open,
          minmay_tree_intersection, blue_anna_alchemist
D:9:      tso_altar, lemuel_round_altar, david_lair_generic, serial_shops,
          nicolae_shop_waterfront, nicolae_shop_overgrown_old_shop, shop,
          nicolae_shop_overgrown_old_shop, onia_ninara_cookie
D:10:     kennysheep_generic_room_5
D:11:     hiddenorc2_lemuel, serial_shops, shop
D:12:     serial_shops, nicolae_shop_statue_plus, uniq_fannar, uniq_frances,
          uniq_sonja
Temple:   eino_temple_scatter_basement
Lair:1:   serial_bayou_shore_a
Lair:2:   serial_bayou_shore_b, grunt_megastairs_2
Lair:3:   dummy_spider_entry
Lair:4:   swamp_mist, special_room, portal_ice_cave_entry_ice_beasts,
          lemuel_oklob_altar, uniq_nergalle, uniq_rupert
Lair:5:   slime_altar_1
Lair:6:   gammafunk_lair_ancient_temple
IceCv:    ice_cave_caverns_01

Skill      XL: |  1  2  3  4  5  6  7  8  9 10 11 12 13 14 |
---------------+-------------------------------------------+-----
Conjurations   | 2 3 4 5 7 8 9 10 11 12 | 12.7
Poison Magic   | 4 5 6 8 9 10 11 12 | 12.9
Spellcasting   | 4 5 6 7 9 10 13 16 | 16.2
Air Magic      | 1 4 5 7 8 9 10 11 | 11.0
Armour         | 5 |  5.1
Fighting       | 1 |  1.7
Charms         | 1 7 10 | 10.0
Earth Magic    | 1 5 9 |  9.4
Dodging        | |  2.4
Stealth        | |  2.4

Action                   |  1- 3 |  4- 6 |  7- 9 | 10-12 | 13-15 || total
-------------------------+-------+-------+-------+-------+-------++-------
Melee: Unarmed           |     5 |       |       |       |       ||     5
       Short sword       |       |    30 |   331 |    52 |       ||   413
       Dagger            |       |       |   179 |   282 |       ||   461
       Falchion          |       |       |       |    76 |       ||    76
       Staff             |       |       |       |    45 |    30 ||    75
 Cast: Sting             |    56 |    12 |     7 |     3 |     6 ||    84
       Poisonous Vapours |    20 |    41 |    90 |   199 |    30 ||   380
       Olgreb's Toxic Ra |       |    12 |    13 |    32 |    37 ||    94
       Venom Bolt        |       |       |    13 |    89 |    32 ||   134
       Mephitic Cloud    |       |       |     3 |     5 |    17 ||    25
       Conjure Ball Ligh |       |       |       |    13 |     2 ||    15
       Iskenderun's Myst |       |       |       |    67 |   268 ||   335
       Iskenderun's Batt |       |       |       |     5 |    44 ||    49
       Iron Shot         |       |       |       |       |    25 ||    25
       Orb of Destructio |       |       |       |       |    10 ||    10
       Deflect Missiles  |       |       |       |       |     1 ||     1
Invok: Divine Energy     |       |       |     1 |       |       ||     1
       Channel Magic     |       |       |       |       |     1 ||     1
       Forget Spell      |       |       |       |       |     1 ||     1
Evoke: Wand              |       |       |    16 |     6 |     1 ||    23
       Lamp of fire      |       |       |       |     2 |       ||     2
       Phantom mirror    |       |       |       |       |     1 ||     1
  Use: Scroll            |       |       |    11 |     5 |     5 ||    21
       Potion            |       |       |     7 |       |       ||     7
 Stab: Sleeping          |       |     1 |     2 |     2 |       ||     5
       Distracted        |       |       |     1 |     1 |       ||     2
       Paralysed         |       |       |     3 |       |       ||     3
       Confused          |       |       |     1 |     1 |     1 ||     3
  Eat: Chunk             |     3 |    13 |    16 |    40 |    29 ||   101
       Royal jelly       |       |     1 |       |       |       ||     1
       Meat ration       |       |       |     1 |       |     1 ||     2
       Fruit             |       |       |       |    14 |     3 ||    17
Armor: Robe              |     5 |     5 |   163 |       |       ||   173
       Ring mail         |       |       |    14 |   241 |    59 ||   314
Dodge: Dodged            |    17 |    29 |   447 |   357 |   112 ||   962
       Deflected         |       |       |       |       |     7 ||     7
       Rpst.: Falchion   |       |       |       |    30 |       ||    30
